Map: 16비트 - 래더

Players

LiquidSnute (Snute) - Winner!

  • Race: Zerg Zerg
  • League: Grandmaster
  • Spawn Location: 1:00

lIIllllIIlll (INnoVation)

  • Race: Terran Terran
  • League: Master
  • Spawn Location: 7:00

Event: HomeStory Cup XVII

VOD

Have the link to the VOD?

Description

Time

  • Played on: June 29, 2018, 2:48 p.m.
  • Length: 16:08

All games in this series

Show
View Real Time Build Order
Export as new Build Order

LiquidSnute Zerg - Winner!

Build Orders: Pool First, Muta Ling Bane 

Get SALT Encoding   

  12  0:00  Drone  
  13  0:12  Overlord  
  13  0:17  Drone  
  14  0:31  Drone x2  
  14  0:35  Drone  
  17  0:45  Spawning Pool  
  17  0:49  Drone  
  17  1:10  Hatchery  
  16  1:13  Drone  
  16  1:16  Drone  
  18  1:19  Drone  
  19  1:25  Extractor  
  19  1:31  Queen  
  20  1:34  Zergling x2  
  21  1:40  Overlord  
  21  1:50  Drone  
  22  2:00  Drone  
  23  2:07  Queen  
  25  2:11  Drone  
  26  2:22  Drone x2  
  27  2:26  Metabolic Boost  
  27  2:29  Queen  
  29  2:35  Drone x2  
  31  2:46  Drone x3  
  31  2:50  Overlord  
  34  2:53  Drone  
  34  2:54  Drone  
  36  3:02  Overlord  
  36  3:09  Drone  
  37  3:13  Drone  
  37  3:15  Drone x2  
  37  3:17  Drone x2  
  37  3:19  Overlord, Drone  
  43  3:20  Drone  
  43  3:25  Drone  
  45  3:27  Drone  
  46  3:36  Hatchery  
  46  3:38  Drone  
  46  3:42  Queen  
  46  3:44  Drone  
  46  3:46  Drone  
  50  3:50  Drone x3  
  50  3:51  Drone  
  50  3:54  Drone x2  
  56  3:59  Queen  
  56  4:02  Zergling x4  
  60  4:09  Spine Crawler  
  59  4:10  Zergling x2  
  59  4:15  Overlord  
  60  4:17  Baneling Nest  
  60  4:23  Queen, Evolution Chamber  
  60  4:25  Evolution Chamber  
  60  4:30  Overlord  
  60  4:31  Zergling x2  
  60  4:41  Drone x4  
  60  4:42  Drone  
  60  4:45  Spore Crawler  
  64  4:50  Zerg Ground Armor Level 1  
  64  4:51  Zerg Melee Weapons Level 1  
  64  4:52  Drone x2  
  66  4:53  Drone x3  
  66  4:56  Drone  
  66  4:57  Spore Crawler, Drone  
  66  4:58  Drone  
  66  4:59  Drone  
  72  5:00  Drone  
  72  5:04  Overlord  
  72  5:12  Drone x2  
  74  5:14  Extractor  
  74  5:16  Drone, Extractor  
  74  5:17  Extractor  
  74  5:18  Extractor  
  71  5:28  Drone  
  71  5:29  Drone x4  
  71  5:31  Drone x2  
  71  5:34  Lair  
  77  5:36  Hatchery  
  77  5:39  Drone x3  
  78  5:43  Drone  
  78  5:46  Hatchery  
  78  5:50  Zergling x2  
  78  5:51  Zergling x6  
  81  6:00  Overlord x2  
  81  6:04  Overlord  
  81  6:07  Overlord  
  81  6:09  Overlord  
  81  6:20  Drone x2  
  81  6:21  Zergling x20  
  93  6:34  Drone x3  
  93  6:35  Centrifical Hooks  
  93  6:37  Spire  
  93  6:38  Drone x3  
  98  6:40  Baneling x8  
  98  6:41  Baneling x5, Drone  
  98  6:42  Drone  
  101  6:47  Drone x4  
  101  6:53  Zerg Ground Armor Level 2  
  104  6:56  Queen  
  106  7:02  Zergling x12  
  106  7:03  Drone  
  109  7:18  Zerg Melee Weapons Level 2  
  109  7:19  Drone x2  
  109  7:21  Overlord x2  
  112  7:22  Zergling x2  
  112  7:23  Zergling x10  
  117  7:30  Hatchery  
  117  7:31  Zergling x2  
  117  7:32  Zergling x16  
  125  7:43  Zergling x22  
  131  7:48  Mutalisk  
  131  7:49  Mutalisk x2  
  131  7:50  Mutalisk  
  139  7:53  Mutalisk x2  
  136  8:07  Mutalisk x2  
  136  8:12  Zergling x14  
  146  8:13  Zergling x6  
  143  8:22  Mutalisk  
  143  8:23  Mutalisk  
  143  8:26  Zergling x4  
  149  8:27  Overlord  
  149  8:28  Overlord x2  
  149  8:29  Zerg Flyer Weapons Level 1  
  149  8:33  Extractor  
  147  8:42  Overlord x2  
  147  8:51  Zergling x26  
  160  8:56  Zergling x8  
  160  9:01  Infestation Pit  
  160  9:02  Zergling x4  
  165  9:06  Baneling x7  
  165  9:07  Baneling x6  
  165  9:08  Zergling x8  
  169  9:11  Mutalisk  
  169  9:18  Mutalisk  
  149  9:25  Mutalisk  
  149  9:27  Drone x3  
  149  9:28  Drone  
  149  9:30  Zergling x20  
  163  9:34  Queen  
  163  9:35  Spine Crawler  
  163  9:38  Burrow, Hive, Mutalisk  
  164  9:40  Zergling x2  
  164  9:41  Zergling x16  
  175  9:47  Zergling x12  
  181  9:53  Zergling x8  
  181  9:56  Queen  
  187  10:03  Mutalisk x4  
  187  10:05  Overlord  
  165  10:22  Mutalisk x2  
  165  10:27  Zergling x2  
  165  10:28  Zergling x34  
  179  10:40  Zergling x20  
  189  10:50  Zergling x2  
  189  10:51  Zergling x14  
  189  10:52  Zerg Ground Armor Level 3  
  189  10:53  Zerg Melee Weapons Level 3  
  189  10:55  Hatchery  
  189  10:56  Baneling  
  189  10:57  Baneling x6  
  178  11:06  Baneling x6  
  178  11:07  Zergling x20  
  178  11:08  Zergling x16  
  178  11:09  Overseer  
  194  11:14  Zergling x12  
  197  11:24  Zergling x2  
  197  11:25  Zergling x18  
  199  11:27  Baneling x6  
  185  11:46  Zergling x32  
  185  11:53  Zergling x8  
  185  11:54  Zergling x4  
  159  12:00  Ultralisk Cavern  
  147  12:07  Zergling x12  
  144  12:10  Baneling  
  144  12:11  Baneling x13  
  144  12:15  Zergling x14  
  144  12:16  Baneling  
  144  12:17  Baneling x11  
  144  12:18  Pneumatized Carapace  
  150  12:27  Zergling x2  
  150  12:28  Zergling x12  
  157  12:33  Zergling x6  
  157  12:34  Zergling x4  
  162  12:47  Chitinous Plating  
  161  12:54  Ultralisk  
  161  12:55  Zergling x34  
  184  12:58  Baneling  
  184  12:59  Baneling x4  
  184  13:00  Baneling  
  184  13:09  Zergling x18  
  184  13:10  Zergling x2  
  192  13:14  Baneling x7  
  192  13:15  Zergling x2  
  192  13:16  Zergling x6  
  192  13:31  Ultralisk  
  192  13:34  Zergling x6  
  180  13:49  Zergling x36  
  173  14:03  Ultralisk x2  
  173  14:04  Queen x2  
  173  14:05  Zergling x16  
  195  14:16  Zergling x8  
  199  14:18  Hatchery  
  199  14:21  Zergling x2  
  199  14:31  Baneling x12  
  170  14:40  Ultralisk  
  170  14:43  Zergling x12  
  170  14:44  Zergling x26  
  146  15:04  Zergling x2  
  146  15:05  Zergling x20  
  155  15:11  Ultralisk x2  
  167  15:15  Zergling x8  
  167  15:16  Queen, Zergling x2  
  176  15:28  Ultralisk  
  176  15:33  Zergling x24  
  176  15:34  Hatchery  
  187  15:49  Zergling x12  
Show
View Real Time Build Order
Export as new Build Order

lIIllllIIlll Terran 

Build Orders: Hellion Opening, Reaper Expand, Bio Mine 

Get SALT Encoding   

  12  0:00  SCV  
  13  0:12  SCV  
  14  0:17  Supply Depot  
  14  0:25  SCV  
  15  0:39  SCV  
  15  0:40  Barracks  
  16  0:44  Refinery  
  16  0:51  SCV  
  17  1:03  SCV  
  18  1:15  SCV  
  19  1:28  Orbital Command, Reaper  
  20  1:41  Command Center  
  20  1:53  SCV  
  21  1:54  Supply Depot  
  21  1:59  Marine  
  22  2:05  SCV  
  23  2:09  Factory  
  23  2:13  Refinery  
  23  2:19  SCV  
  23  2:22  Barracks Reactor  
  24  2:31  SCV  
  25  2:43  SCV  
  26  2:54  Starport, Orbital Command  
  26  2:55  SCV  
  27  3:01  Hellion x2  
  31  3:07  Barracks Tech Lab, SCV  
  32  3:19  SCV  
  33  3:20  SCV  
  33  3:22  Hellion  
  33  3:23  Hellion  
  38  3:27  Supply Depot  
  38  3:32  SCV  
  38  3:33  SCV  
  40  3:35  Raven  
  40  3:38  Barracks Tech Lab  
  42  3:45  Hellion, SCV x2  
  46  3:49  Hellion  
  46  3:53  Supply Depot  
  48  3:57  SCV x2  
  48  3:58  Stimpack  
  50  4:09  SCV x2  
  52  4:18  Command Center  
  52  4:22  SCV  
  52  4:23  Barracks, SCV  
  54  4:28  Barracks  
  54  4:29  Starport Reactor  
  54  4:33  Marine  
  54  4:34  SCV  
  54  4:35  SCV  
  57  4:42  Engineering Bay  
  55  4:45  Engineering Bay  
  55  4:46  SCV  
  55  4:47  SCV  
  55  4:50  Refinery  
  55  4:51  Refinery, Marine  
  58  4:53  Supply Depot  
  58  4:58  SCV  
  58  4:59  SCV  
  60  5:09  Marine  
  60  5:10  Terran Infantry Weapons Level 1, SCV  
  60  5:11  Terran Infantry Armor Level 1  
  62  5:14  Marine x2, SCV  
  62  5:16  Starport Reactor  
  65  5:22  SCV  
  65  5:26  SCV  
  67  5:29  Marine x2  
  67  5:30  Orbital Command, Siege Tank  
  67  5:34  SCV  
  73  5:36  Supply Depot, Marine x2  
  73  5:37  Marine  
  73  5:38  SCV  
  77  5:46  SCV  
  77  5:47  Supply Depot  
  77  5:49  Orbital Command  
  78  5:50  SCV  
  78  5:52  Medivac x2  
  83  5:57  Marine  
  83  5:58  Combat Shields, Marine x4  
  83  6:00  SCV  
  83  6:03  SCV  
  90  6:05  Supply Depot  
  90  6:09  Supply Depot  
  90  6:10  Armory  
  90  6:11  Siege Tank  
  90  6:16  SCV  
  90  6:17  SCV x2  
  96  6:19  Marine  
  96  6:20  Marine x2  
  96  6:21  Marine x2  
  101  6:26  Medivac x2  
  105  6:34  SCV x3  
  108  6:40  Supply Depot x2  
  108  6:42  Barracks x2  
  108  6:44  Marine x5  
  113  6:47  Refinery  
  113  6:49  SCV x2  
  113  6:50  SCV  
  116  7:02  Siege Tank, SCV x3  
  116  7:06  Supply Depot  
  120  7:15  Terran Infantry Armor Level 2, Terran Infantry Weapons Level 2  
  120  7:16  Marine x5  
  120  7:20  SCV x3  
  128  7:23  Refinery, Supply Depot  
  128  7:25  Supply Depot  
  128  7:31  Barracks Reactor x2  
  128  7:32  SCV x3  
  128  7:35  Factory  
  131  7:43  Marine x2, Marauder  
  131  7:44  Marine x2  
  126  7:48  Siege Tank  
  130  7:51  Supply Depot  
  130  7:52  Supply Depot  
  130  7:54  Concussive Shells  
  130  7:55  Medivac x2  
  134  7:58  Terran Vehicle And Ship Armor Level 1  
  134  8:04  Marine x3  
  134  8:05  Marauder  
  135  8:09  Marine  
  135  8:10  Marine x3  
  139  8:17  Command Center  
  138  8:25  Medivac x2  
  138  8:26  Marauder, Marine, Factory Tech Lab  
  148  8:29  Marine x2  
  148  8:30  Marine x2  
  152  8:34  Supply Depot  
  152  8:40  Thor  
  155  8:47  Missile Turret  
  155  8:53  Marine  
  155  8:54  Marine x4  
  155  8:55  Marine x2  
  150  8:59  Drilling Claws, Missile Turret  
  150  9:00  Barracks Reactor  
  150  9:01  Widow Mine x2, Medivac x2  
  158  9:10  Missile Turret  
  158  9:14  Barracks  
  158  9:15  Barracks  
  157  9:18  Barracks  
  153  9:27  Widow Mine, Thor  
  153  9:28  Widow Mine  
  165  9:35  Terran Infantry Weapons Level 3  
  165  9:36  Terran Infantry Armor Level 3  
  163  9:42  Marine x3, Marauder  
  168  9:52  Widow Mine x2  
  172  9:56  Refinery  
  172  9:58  Marine x2  
  172  9:59  Refinery  
  174  10:00  Sensor Tower, Marine x2  
  174  10:01  Marine  
  174  10:03  Marauder  
  179  10:13  Widow Mine x2  
  169  10:25  Thor  
  169  10:26  Barracks Tech Lab, Marauder  
  169  10:27  Command Center, Barracks Tech Lab x2, Marine x4  
  181  10:35  Terran Vehicle And Ship Armor Level 2  
  181  10:41  Supply Depot  
  181  10:43  Marine x4  
  181  10:44  Widow Mine x2  
  189  10:59  Marine  
  189  11:01  Medivac, Marine  
  189  11:02  Medivac, Marauder x2  
  190  11:08  Widow Mine x2  
  194  11:15  Marine, Marauder  
  197  11:23  Marine x2  
  197  11:30  Marauder  
  197  11:31  Medivac  
  197  11:33  Marine  
  197  11:34  Supply Depot  
  197  11:35  Marauder  
  197  11:38  Marine x2  
  200  11:40  Marauder  
  200  11:42  Medivac  
  200  11:43  Thor  
  200  11:44  Widow Mine x2  
  200  11:45  Marine  
  200  11:46  Marine, Planetary Fortress  
  134  12:01  Medivac  
  134  12:02  Marine  
  134  12:03  Marine x2  
  134  12:08  Widow Mine x2  
  135  12:09  Marine x4, Marauder x2  
  135  12:12  Medivac, SCV x2  
  135  12:15  SCV  
  148  12:29  Widow Mine, SCV x3  
  157  12:30  Widow Mine  
  157  12:33  Medivac  
  157  12:34  Marauder x3  
  165  12:37  Marauder  
  165  12:38  Marine  
  165  12:41  SCV x3  
  165  12:42  Medivac  
  172  12:46  Marine x5  
  172  12:50  Thor  
  180  12:53  SCV  
  181  13:04  Medivac  
  189  13:05  Marauder x2  
  189  13:06  Marine x3  
  189  13:10  Marine x2  
  189  13:11  Marine  
  189  13:12  Medivac  
  197  13:15  Command Center  
  197  13:19  Ghost Academy  
  195  13:21  Terran Vehicle And Ship Armor Level 3  
  192  13:28  Liberator x2  
  192  13:33  Thor  
  193  13:36  Widow Mine  
  193  13:37  Widow Mine, Marauder  
  193  13:38  Marauder  
  189  14:02  Widow Mine x2  
  153  14:03  Ghost x2  
  153  14:05  SCV x2  
  153  14:06  SCV  
  153  14:07  Refinery  
  153  14:08  Marine x10  
  170  14:11  Liberator x2  
  170  14:15  Thor  
  174  14:17  SCV x2  
  174  14:18  SCV  
  174  14:23  Widow Mine  
  174  14:24  Widow Mine  
  180  14:31  Marine x6  
  180  14:32  Marine  
  173  14:38  Marine  
  173  14:39  Marine x4  
  173  14:45  Widow Mine  
  141  14:48  SCV  
  141  14:49  SCV  
  141  14:50  Marine x3  
  141  14:52  Marine  
  127  14:56  Ghost  
  112  15:01  SCV x3  
  105  15:11  Medivac x2  
  105  15:13  SCV x3  
  107  15:17  Widow Mine x2  
  107  15:19  Widow Mine  
  104  15:30  SCV x2  
  104  15:31  SCV  
  104  15:42  Widow Mine x3  
Tags
 
Add a new tag
Caveats
  • Supply blocks, unpowered buildings, or Contaminate may cause inaccurate times.
  • Supply counts are checked every 10 seconds.